 Dungeon Crawl Stone Soup version 0.30-a0-799-g109b55a442 (webtiles) character file.

Game seed: 12661390684456322056

280 Pimp the Firebug (level 6, -2/45 HPs)
             Began as a Draconian Fire Elementalist on Feb 21, 2023.
             Slain by a hobgoblin (3 damage)
             ... on level 3 of the Dungeon.
             The game lasted 00:04:49 (2090 turns).

Pimp the Firebug (Draconian Fire Elementalist)      Turns: 2090, Time: 00:04:49

Health: -2/45      AC:  6    Str: 13    XL:     6   Next: 5%
Magic:  19/19      EV:  9    Int: 15    God:
Gold:   79         SH:  0    Dex: 11    Spells: 10/11 levels left

rFire   + . .      SeeInvis .    l - +0 broad axe
rCold   x . .      Faith    .    (no shield)
rNeg    . . .      Spirit   .    (body armour unavailable)
rPois   .          Reflect  .    (helmet restricted)
rElec   .          Harm     .    (no cloak)
rCorr   .          Rampage  .    (no gloves)
Will    .....                    (no boots)
Stlth   +++                      (no amulet)
HPRegen 0.27/turn                k - ring of fire
MPRegen 0.16/turn                h - ring of Xom's Passing Interest {MP+9 Stlth+}

@: slowed, constricted, very slow
A: AC +6, unfitting armour, cold-blooded
a: no special abilities


You were on level 3 of the Dungeon.
You visited 1 branch of the dungeon, and saw 3 of its levels.

You collected 79 gold pieces.

Inventory:

Hand Weapons
 b - a +0 dagger
 c - a +0 short sword
 l - a +0 broad axe (weapon)
Jewellery
 h - the ring of Xom's Passing Interest (right hand) {MP+9 Stlth+}
   (You found it on level 2 of the Dungeon)

   [ring of magical power]

   MP:        It affects your magic capacity (+9).
   Stlth:     It makes you more stealthy.
 k - a ring of fire (left hand)
Scrolls
 d - 2 scrolls of identify
Potions
 a - a potion of magic
 e - a potion of cancellation
 f - a potion of mutation {unknown}
 i - a potion of brilliance {unknown}
 j - a potion of ambrosia {unknown}


   Skills:
 + Level 3.0 Dodging
 + Level 3.1 Stealth
 + Level 3.1 Spellcasting
 + Level 2.7 Conjurations
 + Level 4.0 Fire Magic


You had 10 spell levels left.
You knew the following spells:

 Your Spells              Type           Power      Damage    Failure   Level
a - Foxfire               Conj/Fire      72%        2x1d7     4%          1

Your spell library contained the following spells:

 Spells                   Type           Power      Damage    Failure   Level
 Scorch                   Fire           42%        2d7       5%          2
 Inner Flame              Hex/Fire       12%        N/A       26%         3
 Kindle Blastsparks       Fire/Tloc/Air  18%        2d11      34%         3
 Flame Wave               Conj/Fire      18%        2d7       43%         4
 Malign Gateway           Summ/Tloc      1%         N/A       100%        7
 Summon Horrible Things   Summ           1%         N/A       100%        8


Dungeon Overview and Level Annotations

Branches:
Dungeon (3/15)

Altars:


Innate Abilities, Weirdness & Mutations

Your plain brown scales are hard. (AC +6)
You cannot fit into any form of body armour.
You are cold-blooded and may be slowed by cold attacks.


Message History

The quokka bites you.
* * * LOW HITPOINT WARNING * * *
Sorry, you're not good enough to have a special ability.
Okay, then.
You completely miss the quokka. You hit the goblin.
You kill the goblin!
You closely miss the orc. The orc closely misses you.
The quokka closely misses you. The orc barely misses you.
The hobgoblin hits you but does no damage.
The quokka bites you but does no damage.
The orc hits you but does no damage.
The hobgoblin hits you but does no damage.
You slash the quokka!
You kill the quokka!
You closely miss the hobgoblin. You slash the orc!
You kill the orc!
The hobgoblin hits you.
* * * LOW HITPOINT WARNING * * *
The ball python closely misses you. x2
The hobgoblin hits you but does no damage.
The ball python bites you but does no damage.
The ball python barely misses you. The ball python closely misses you. x2
You slash the ball python!
You kill the ball python!
You closely miss the hobgoblin. You barely miss the ball python.
The ball python bites you.
* * * LOW HITPOINT WARNING * * *
The ball python grabs you. The ball python constricts you.
The hobgoblin hits you.
* * * LOW HITPOINT WARNING * * *
The ball python bites you.
* * * LOW HITPOINT WARNING * * *
The ball python constricts you.
* * * LOW HITPOINT WARNING * * *
The hobgoblin hits you but does no damage.
The rat closely misses you. The ball python bites you.
* * * LOW HITPOINT WARNING * * *
The ball python constricts you. The rat completely misses you.
The hobgoblin hits you.
You die...

######## ########
#$g#...#...#....†.
#@r....'...+....##
#?S#...#...#.##...
#####'######.....#
#.................
######....####..##
####......##
####.### #.# #.##


You could see a hobgoblin, a ball python and a rat.

Vanquished Creatures
  Sigmund (D:2)
  An orc wizard (D:3)
  3 adders
  A worm (D:2)
  A dart slug (D:1)
  5 orcs (D:3)
  7 bats
  6 endoplasms
  5 giant cockroaches
  4 goblins
  2 hobgoblins
  2 jackals (D:1)
  5 quokkas
  4 ball pythons
  3 kobolds
  2 rats
52 creatures vanquished.

Vanquished Creatures (others)
  38 foxfires
38 creatures vanquished.

Grand Total: 90 creatures vanquished

Notes
Turn   | Place    | Note
-------+----------+-------------------------------------------
     0 | D:1      | Pimp the Draconian Fire Elementalist began the quest for
                  | the Orb.
     0 | D:1      | Reached XP level 1. HP: 14/14 MP: 3/3
   218 | D:1      | Reached XP level 2. HP: 19/20 MP: 5/5
   759 | D:2      | Noticed Sigmund
   770 | D:1      | Reached XP level 3. HP: 9/26 MP: 6/6
   881 | D:2      | Killed Sigmund
   882 | D:2      | Reached XP level 4. HP: 9/33 MP: 1/8
   882 | D:2      | Reached XP level 5. HP: 10/38 MP: 1/9
  1495 | D:2      | Identified the ring of Xom's Passing Interest {MP+9 Stlth+}
  1890 | D:3      | Reached skill level 4 in Fire Magic
  1897 | D:3      | Reached XP level 6. HP: 27/45 MP: 10/10
  2090 | D:3      | HP: 1/45 [ball python (2)]
  2090 | D:3      | Slain by a hobgoblin

Illustrated notes

Levels and vault maps discovered:
D:1:      mrwooster_arrival_statue, layout_loops_ring
D:2:      layout_basic, grunt_ministairs_13, uniq_sigmund, uniq_natasha
D:3:      minmay_thinvault, layout_rooms, minmay_misc_feat_x,
          grunt_ministairs_3, item_on_display_a

Skill      XL: |  1  2  3  4  5 |
---------------+----------------+-----
Dodging        | 2 3 |  3.0
Stealth        | 2 3 |  3.1
Conjurations   | 2 |  2.7
Spellcasting   | 3 |  3.1
Fire Magic     | 4 |  4.0

Action                     |  1- 3 |  4- 6 || total
---------------------------+-------+-------++-------
  Melee: Short sword       |    48 |    44 ||    92
         Dagger            |     7 |       ||     7
         Unarmed           |     7 |       ||     7
         Tailslap          |     7 |     8 ||    15
         Punch             |     1 |     1 ||     2
         Broad axe         |       |    40 ||    40
   Cast: Foxfire           |    15 |    10 ||    25
    Use: Scroll            |     4 |       ||     4
         Potion            |       |     2 ||     2
   Stab: Sleeping          |     2 |     6 ||     8
 Armour: Skin              |    27 |    58 ||    85
  Dodge: Dodged            |    41 |    96 ||   137

Table legend: (Time is in decaauts)
 A = Elapsed time spent in this place.
 B = Non-inter-level travel time spent in this place.
 C = Inter-level travel time spent in this place.
 D = Time resting spent in this place.
 E = Time spent auto-exploring this place.
 F = Levels seen in this place.
 G = Mean time per level.
                   A        B        C        D        E       F      G
               +--------+--------+--------+--------+--------+-----+--------+
         Total |   2117 |   2032 |     85 |    273 |   1191 |   3 |  705.7 |
       Dungeon |   2117 |   2032 |     85 |    273 |   1191 |   3 |  705.7 |
               +--------+--------+--------+--------+--------+-----+--------+

Top non-repeatable levels by time:
     D:1: 866 daAuts
     D:2: 820 daAuts
     D:3: 431 daAuts
